cohdb
Replays
Latest Replays
All Replays
Popular Replays
Top Player Replays
Match Explorer
How It Works
Community
CoH3 Stats
Reddit
Sign in to upload your games and track your stats! →
Sign in with Steam
Match 43689443
Unlisted
Match 43689443
Overview
Messages
Build Orders
End
Construct Infanterie Kompanie
Selects Breakthrough Battlegroup
Selects Assault Grenadiers
Grenadier Squad
MG 42 Machine Gun Team
Pioneer Squad
Construct Panzergrenadier Kompanie
Panzergrenadier Squad
Selects Rapid Production
251 Medium Carrier
Panzergrenadier Squad
Support Elements
Medical Bunker
Selects Smoke Bombing Run
Nebelwerfer 42 Rocket Launcher Team
Selects Mechanized Assault Group
StuG III G Assault Gun
Smoke Bombing Run
Mechanized Assault Group
Selects Blitzkrieg
Blitzkrieg
Smoke Bombing Run
Construct Panzer Kompanie
Mechanized Assault Group
Panzer IV Medium Tank
Blitzkrieg
Mechanized Assault Group
Selects Tiger Heavy Tank
DuppyBoi
Deagl1
General Kenobi
Jufflubagus
Dawes
estoy sburado
The Rizzler of Azkaban
|Bobz| R@ttl3$n@k3
0
0
Comments
sign in to comment!
No comments posted yet!